 Dungeon Crawl Stone Soup version 0.25.0-1-g7eea58d2a3 (webtiles) character file.

Game seed: 17823268843225663470

(classic levelgen) 6072375 EnegeticOcto the Evocator (level 21, 134/197 (199) HPs)
             Began as a Deep Dwarf Fighter on June 13, 2020.
             Was the Champion of Makhleb.
             Escaped with the Orb
             ... and 3 runes!
             The game lasted 01:59:52 (10320 turns).

EnegeticOcto the Evocator (Deep Dwarf Fighter)     Turns: 10320, Time: 01:59:54

HP:   134/197 (199) AC: 27    Str: 28    XL:     21   Next: 17%
MP:   7/7           EV: 14    Int:  7    God:    Makhleb [******]
Gold: 1185          SH: 16    Dex: 10    Spells: 20/20 levels left

rFire    + + +     SeeInvis .   s - +7 broad axe (freeze)
rCold    + . .     Gourm    .   a - +2 kite shield
rNeg     + . .     Faith    .   b - +2 plate armour {rF+}
rPois    +         Spirit   .   Q - +2 hat
rElec    +         Reflect  .   L - +2 cloak {rC+}
rCorr    .         Harm     .   v - +2 pair of gloves
MR       ++++.                  M - +0 pair of boots of the Good {rPois rF++ Regen+ Stlth+}
Stlth    ..........             T - amulet of magic regeneration
HPRegen  0.00/turn              u - ring of protection from magic
MPRegen  0.35/turn              m - ring "Teuduhuf" {*Drain rElec Slay+4 Stlth+}

@: non-regenerating
A: damage resistance, heal wounds, iridescent scales 1, blink, clumsy 1,
deformed body, dopey 2, negative energy resistance 1, sense surroundings 3, no
regeneration
0: Orb of Zot
}: 3/15 runes: barnacled, silver, gossamer
a: Heal Wounds, Blink, Minor Destruction, Lesser Servant of Makhleb, Major
Destruction, Greater Servant of Makhleb, Renounce Religion


You escaped.
You worshipped Makhleb.
Makhleb was exalted by your worship.
You were not hungry.

You visited 9 branches of the dungeon, and saw 45 of its levels.
You also visited: Bailey and Ice Cave.

You collected 1555 gold pieces.
You spent 370 gold pieces at shops.

Inventory:

Hand Weapons
 s - a +7 broad axe of freezing (weapon)
 t - a +3 dagger of distortion
Missiles
 j - 5 curare-tipped darts (quivered)
Armour
 a - a +2 kite shield (worn)
 b - a +2 plate armour of fire resistance (worn)
 v - a +2 pair of gloves (worn)
 L - a +2 cloak of cold resistance (worn)
 M - the +0 pair of boots of the Good (worn) {rPois rF++ Regen+ Stlth+}
   (You found it in an ice cave)

   It greatly protects you from fire.
   It protects you from poison.
   It increases your rate of regeneration.
   It makes you more stealthy.
 Q - a +2 hat (worn)
Jewellery
 m - the ring "Teuduhuf" (right hand) {*Drain rElec Slay+4 Stlth+}
   (You acquired it on level 3 of the Realm of Zot)

   [ring of slaying]

   It affects your accuracy and damage with ranged weapons and melee attacks
   (+4).
   It insulates you from electricity.
   It causes draining when unequipped.
   It makes you more stealthy.
 u - a ring of protection from magic (left hand)
 F - an uncursed ring of protection from cold
 K - an uncursed ring of positive energy
 R - an uncursed ring of wizardry
 S - an uncursed ring of poison resistance
 T - an amulet of magic regeneration (around neck)
Wands
 l - a wand of paralysis (6)
 q - a wand of iceblast (14) {@v2}
 B - a wand of enslavement (3)
 E - a wand of flame (1) {@v4}
 O - a wand of polymorph (10)
Scrolls
 c - 2 scrolls of fear {!r}
 n - a scroll of teleportation {@r3 !r}
 x - 3 scrolls of remove curse {@r2}
 C - 2 scrolls of brand weapon
Potions
 d - a potion of flight
 f - 3 potions of stabbing {@q5 !q}
 k - 2 potions of curing {@q1 !q}
 w - 2 potions of ambrosia
 H - a potion of heal wounds {@q2 !q}
 J - 2 potions of lignification {@q6}
Miscellaneous
 p - a phial of floods
 r - a lightning rod (4/4)
 G - a tin of tremorstones (1/3)
 N - a phantom mirror
Comestibles
 e - 13 rations


   Skills:
 + Level 14.6 Fighting
 - Level 18.7 Axes
 + Level 16.1 Armour
 + Level 15.9 Dodging
 - Level 15.0 Shields
 - Level 6.0 Invocations
 + Level 22.0 Evocations


You had 20 spell levels left.
You didn't know any spells.
Your spell library contained the following spells:

 Spells                   Type           Power        Failure   Level  Hunger
 Animate Skeleton         Necr           N/A          95%         1    ##.....
 Sublimation of Blood     Necr           #.........   98%         2    ###....
 Frozen Ramparts          Ice            #.....       100%        3    ####...
 Hailstorm                Conj/Ice       #.......     100%        4    #####..
 Excruciating Wounds      Chrm/Necr      #.........   100%        5    ######.
 Freezing Cloud           Conj/Ice/Air   #.........   100%        6    #######


Dungeon Overview and Level Annotations

Branches:
Dungeon (15/15)            Temple (1/1) D:4            Lair (4/6) D:11
 Shoals (4/4) Lair:4       Spider (4/4) Lair:3          Orc (2/2) D:10
    Elf (0/3) Orc:2        Vaults (5/5) D:14         Depths (5/5) D:15
    Zot (5/5) Depths:5     Bailey (visited)           IceCv (visited)
  Crypt: Vaults:2-3

Altars:
Ashenzari
Fedhas
Gozag
Hepliaklqana
Makhleb
Qazlal
Ru
Sif Muna
Trog
Vehumet

Shops:
Orc:2 ([[*   Vaults:5 :

Portals:
Trove: D:15 (show slimy rune of Zot)

Annotations:
D:4 1 transporter
D:6 3 runed translucent doors, chromat's ghost, novice GrEE
Spider:3 2 transporters, Ikly's ghost, journeyman GrFi
Depths:2 14 runed doors
Depths:5 2 runed translucent doors, Polaczum's ghost, adept TrMo
Zot:5 exclusion: obsidian statue


Innate Abilities, Weirdness & Mutations

You are resistant to damage.
You can heal yourself by infusing magical energy.
You resist negative energy. (rN+)
You passively map a large area around you.
You do not regenerate.
You are partially covered in iridescent scales. (AC +2)
You can translocate small distances at will.
You are clumsy. (Dex -2)
Armour fits poorly on your strangely shaped body.
You are very dopey. (Int -4)


Message History

The Tzitzimitl is heavily wounded.
Lightning arcs down from a storm cloud!
You slice the Tzitzimitl!! You freeze the Tzitzimitl.
The Tzitzimitl is almost dead.
You hear a howl!
The Tzitzimitl gestures at you. The bolt of negative energy misses you.
You slice the Tzitzimitl!! You freeze the Tzitzimitl.
You kill the Tzitzimitl!
Makhleb accepts your kill.
You feel better.
Your phial of floods has recharged.
A worker ant comes into view.
Lightning arcs down from a storm cloud!
There is a stone staircase leading up here.
You climb upwards.
There is a stone staircase leading down here.
(D) Dungeon (T) Temple (L) Lair (A) Shoals (N) Spider Nest (O) Orcish Mines (E) Elven Halls (V) Vaults (U) Depths (Z) Zot
Where to? (Enter - D:1 @ (x,y), ? - help)
Okay, then.
An Orb Guardian comes into view.
Evoke which item? (* to show all) (? for menu, Esc to quit)
Aiming: Dig
Press: ? - help, Shift-Dir - straight line A rock wall.
This square is covered in magical glow.
The rock shatters into small pieces.
A demon appears!
The Orb Guardian hits your orange demon! x2
Your orange demon stings the Orb Guardian but does no damage.
Your orange demon hits the Orb Guardian but does no damage.
The Orb Guardian hits your orange demon!!
Your orange demon stings the Orb Guardian but does no damage.
Your orange demon hits the Orb Guardian but does no damage.
The Orb Guardian hits your orange demon!
Your orange demon dies!
You see here an adder skeleton.
There is a stone staircase leading up here.
You climb upwards.
There is a stone staircase leading down here.
Things that are here:
a poisoned dart; a goblin skeleton
There is an open door here.
There is an open door here.
You feel your health improve.
There is a stone staircase leading up here.
You climb upwards.
There is a stone staircase leading down here.
An Orb Guardian comes into view.
You see here 2 boomerangs.
Evoke which item? (* to show all) (? for menu, Esc to quit)
Aiming: Dig
Press: ? - help, Shift-Dir - straight line A rock wall.
This square is covered in magical glow.
The rock shatters into small pieces.
Evoke which item? (* to show all) (? for menu, Esc to quit)
Aiming: Dig
Press: ? - help, Shift-Dir - straight line You can't see that place.
The rock shatters into small pieces.
A demon appears!
The Orb Guardian hits you but does no damage.
You swap places.
The Orb Guardian hits your hellwing!!
Your hellwing hits the Orb Guardian but does no damage.
Your hellwing misses the Orb Guardian. The Orb Guardian hits your hellwing!!
Your hellwing dies!
A demon appears!
Okay, then.
Unknown command.
You swap places.
The Orb Guardian hits your orange demon!!
Your orange demon barely misses the Orb Guardian.
Your orange demon closely misses the Orb Guardian.
The Orb Guardian hits your orange demon!
The Orb Guardian barely misses your orange demon.
Your orange demon stings the Orb Guardian but does no damage.
Your orange demon hits the Orb Guardian but does no damage.
Evoke which item? (* to show all) (? for menu, Esc to quit)
Aiming: Dig
Press: ? - help, Shift-Dir - straight line You can't see that place.
The rock shatters into small pieces.
The Orb Guardian hits your orange demon.
Your orange demon barely misses the Orb Guardian. x2
The Orb Guardian hits your orange demon!!
Your orange demon dies!
Evoke which item? (* to show all) (? for menu, Esc to quit)
Aiming: Dig
Press: ? - help, Shift-Dir - straight line A rock wall.
The rock shatters into small pieces.
The now-empty wand crumbles to dust.
The Orb Guardian misses you. The Orb Guardian hits you!
The Orb Guardian misses you.
There is a staircase leading out of the dungeon here.
You block the Orb Guardian's attack. The Orb Guardian hits you.
You have escaped!

## * * .### ,
#..### ###..##
###.### * ##*
##..###### * , .
, ###.....#* , ,*
* ** ,
###...##### ,,
,,#...#...X@# *
##
,#.#.#####.#...#
* .# #.....#
#...#...# , .#**
#####.#######.###
.# #.#.....#... #
, ## #.#.###.#.#*
* #...# #...# ,,
###.#.###.###, ##
#...#.....#,, *


You could see an Orb Guardian.

Vanquished Creatures
  A pandemonium lord (D:10)
  2 ancient liches (Zot:5)
  2 large abominations (Vaults:5)
  5 Killer Klowns (Zot:5)
  Saint Roka (Orc:2)
  A golden dragon (Depths:5)
  A profane servitor (D:12)
  Jory (Vaults:3)
  A Tzitzimitl (D:4)
  2 electric golems
  A Brimstone Fiend (Depths:5)
  2 Ice Fiends
  18 Orb Guardians
  4 tentacled monstrosities
  5 acid blobs (Zot:4)
  2 titans (Vaults:5)
  4 death cobs
  A sphinx (Depths:3)
  3 tengu reavers
  6 shadow dragons
  3 draconian monks
  5 storm dragons
  2 deep elf sorcerers (Vaults:5)
  Ilsuiw (Shoals:2)
  2 fire giants
  3 draconian scorchers
  2 frost giants
  4 ghost moths
  2 orc warlords
  A draconian shifter (Zot:2)
  3 draconian knights
  6 vault wardens
  A deep elf elementalist (Vaults:5)
  3 draconian annihilators
  3 emperor scorpions (Spider:4)
  7 ironheart preservers
  2 draconian stormcallers
  A blood saint (Zot:5)
  6 stone giants
  9 very ugly things
  3 black draconians
  2 green draconians
  An entropy weaver (Vaults:5)
  3 red draconians
  2 deep elf demonologists (Vaults:5)
  13 yellow draconians
  A white draconian (Zot:1)
  5 spark wasps
  3 purple draconians
  6 ettins
  4 merfolk impalers
  2 fire dragons
  6 merfolk javelineers
  2 deep elf death magi
  A deep elf high priest (Vaults:5)
  3 great orbs of eyes
  15 yaktaur captains
  2 rakshasas
  2 hydras
  26 vault guards
  3 death knights
  3 ice dragons
  5 centaur warriors
  Erica (D:11)
  An alligator snapping turtle (Shoals:4)
  21 two-headed ogres
  A deep troll shaman (Vaults:3)
  A satyr (Shoals:3)
  A two-headed ogre (shapeshifter) (Vaults:5)
  6 ogre magi
  4 deep troll earth magi
  A shock serpent (shapeshifter) (Vaults:5)
  2 sun demons
  3 orc high priests (Orc:2)
  A deep elf knight (Vaults:3)
  A shadow wraith (Vaults:2)
  Sonja (Orc:1)
  A skeletal warrior (D:11)
  A small abomination (Vaults:5)
  A hell knight (Vaults:5)
  3 sea snakes
  A glowing orange brain (Vaults:2)
  4 deep trolls
  A wizard (Depths:2)
  A tengu zombie (Vaults:5)
  A harpy (Vaults:1)
  4 ironbrand convokers
  A lindwurm (shapeshifter) (Vaults:5)
  11 orb spiders
  A mana viper (shapeshifter) (D:15)
  11 orc knights
  4 phantasmal warriors
  4 deep elf magi
  20 ugly things
  A cyclops (shapeshifter) (Vaults:5)
  2 necromancers
  A faun (shapeshifter) (Depths:5)
  19 wolf spiders
  A mana viper (Vaults:2)
  3 oklob plants (Zot:4)
  10 orc sorcerers
  A salamander (shapeshifter) (Vaults:2)
  2 cyclopes
  A wolf spider (shapeshifter) (D:15)
  3 manticores
  An elephant (shapeshifter) (Depths:4)
  3 merfolk sirens (Shoals:2)
  5 moths of wrath
  A black mamba (shapeshifter) (Vaults:3)
  7 vault sentinels
  6 elephants (Lair:3)
  2 spiny frogs (Lair:3)
  An ice statue (IceCv)
  2 water nymphs (Shoals:4)
  2 centaur skeletons (D:13)
  A torpor snail (Spider:4)
  A gargoyle (D:11)
  A rime drake (Lair:3)
  2 komodo dragons (Lair:3)
  20 yaktaurs
  7 freezing wraiths
  2 golden dragon simulacra (IceCv)
  6 ice devils (IceCv)
  An efreet (D:15)
  4 demonic crawlers
  4 anaconda simulacra (IceCv)
  A yaktaur skeleton (Vaults:5)
  5 trolls
  14 jumping spiders
  A wind drake (Shoals:4)
  5 merfolk
  2 raiju (Depths:4)
  A snapping turtle (Shoals:4)
  6 hornets
  5 blink frogs (Lair:3)
  2 hippogriffs (shapeshifter) (D:15)
  A human simulacrum (Vaults:5)
  4 slime creatures
  A frost giant simulacrum (Vaults:5)
  4 hippogriffs
  2 shadows
  3 wraiths
  47 redbacks
  A redback (shapeshifter) (Depths:5)
  20 tarantellas
  3 water elementals
  15 yaks
  A yak (shapeshifter) (Vaults:4)
  3 dire elephant simulacra (IceCv)
  2 hungry ghosts
  A death yak simulacrum (IceCv)
  10 wargs
  2 iron troll simulacra (IceCv)
  3 harpy simulacra (IceCv)
  A soldier ant (D:6)
  5 hell hounds (Depths:4)
  3 water moccasins
  5 hydra simulacra (IceCv)
  4 porcupines
  A water moccasin (shapeshifter) (Depths:2)
  38 orc warriors
  2 sky beasts
  4 ice beasts
  4 black bears
  An alligator simulacrum (IceCv)
  A phantom (D:6)
  2 necrophages (D:8)
  20 ogres
  13 boggarts
  5 centaurs
  3 crocodiles
  4 wolves (Depths:4)
  An elf simulacrum (Vaults:5)
  9 bullfrogs
  A gnoll sergeant (D:5)
  An earth elemental (Spider:2)
  2 scorpions (D:5)
  An electric eel (Spider:3)
  6 killer bees
  4 wights (D:11)
  4 howler monkeys
  6 crimson imps
  A centaur zombie (D:8)
  4 draconian simulacra (IceCv)
  15 orc priests
  9 hounds
  18 jellies
  14 orc wizards
  2 bullfrog skeletons
  3 iguanas
  A polar bear simulacrum (IceCv)
  2 worker ants
  6 troll simulacra (IceCv)
  A wolf simulacrum (IceCv)
  2 centaur simulacra (IceCv)
  A hound zombie (D:7)
  A hound skeleton (D:4)
  A mummy (D:6)
  A worker ant zombie (D:7)
  13 gnolls
  6 adders
  2 naga simulacra (IceCv)
  An ogre simulacrum (IceCv)
  2 shadow imps
  10 white imps
  5 ufetubi (IceCv)
  2 adder zombies
  An adder skeleton (D:9)
  A worm (D:2)
  A dart slug (D:2)
  3 leopard geckos
  71 orcs
  3 giant cockroaches
  A hobgoblin (D:1)
  8 jackals
  7 quokkas
  7 goblins
  A hobgoblin zombie (D:6)
  A kobold (D:1)
  2 kobold zombies (D:6)
  An orc zombie (D:6)
1027 creatures vanquished.

Vanquished Creatures (collateral kills)
  A titan (Vaults:5)
  An Orb Guardian (Zot:5)
  2 storm dragons
  Donald (Spider:3)
  A draconian stormcaller (Zot:1)
  An emperor scorpion (Spider:1)
  A draconian annihilator (Zot:1)
  2 green draconians
  A white draconian (Depths:5)
  2 purple draconians (Zot:2)
  2 yellow draconians (Zot:4)
  A red draconian (Zot:1)
  A small abomination (Vaults:5)
  2 ettins (Depths:2)
  A merfolk javelineer (Shoals:4)
  A merfolk impaler (Shoals:4)
  A fire dragon (Depths:5)
  An ice dragon (Depths:5)
  3 vault guards (Vaults:5)
  A great orb of eyes (Depths:5)
  A dancing weapon (Vaults:5)
  A two-headed ogre (Vaults:5)
  A deep troll (Vaults:5)
  3 wolf spiders (Spider:4)
  An ugly thing (Depths:2)
  2 orb spiders
  3 yaktaurs (Vaults:5)
  A torpor snail (Spider:3)
  3 jumping spiders (Spider:4)
  A freezing wraith (Spider:1)
  2 hornets (Spider:4)
  2 tarantellas (Spider:4)
  9 redbacks
  An orc warrior (Vaults:5)
  2 jellies (Zot:4)
  An orc (Vaults:5)
61 creatures vanquished.

Vanquished Creatures (others)
  A death cob (Zot:5)
  A draconian knight (Zot:4)
  A black sun (Zot:5)
  A green draconian (Zot:5)
  A yellow draconian (Zot:5)
  A spark wasp (Depths:5)
  A merfolk impaler (Shoals:4)
  A hell beast (Zot:3)
  A sea snake (Shoals:4)
  A moth of wrath (Zot:5)
  A hornet (Spider:4)
  6 plants (Depths:5)
17 creatures vanquished.

Grand Total: 1105 creatures vanquished

Notes
Turn   | Place    | Note
-------+----------+-------------------------------------------
     0 | D:1      | EnegeticOcto the Deep Dwarf Fighter began the quest for the
                  | Orb.
     0 | D:1      | Reached XP level 1. HP: 20/20 MP: 1/1
    53 | D:1      | Reached skill level 3 in Axes
    54 | D:1      | Reached XP level 2. HP: 25/27 MP: 2/2
   216 | D:4      | Reached skill level 4 in Axes
   216 | D:4      | Reached XP level 3. HP: 22/33 MP: 3/3
   226 | D:5      | Entered Level 5 of the Dungeon
   283 | D:5      | Reached XP level 4. HP: 39/40 MP: 4/4
   287 | D:5      | Reached skill level 5 in Axes
   298 | D:5      | Noticed a gnoll sergeant
   313 | D:5      | Your magical essence is drained by the effort!
   318 | D:5      | Killed a gnoll sergeant
   318 | D:5      | Reached skill level 6 in Axes
   318 | D:5      | Reached XP level 5. HP: 45/46 MP: 4/4
   351 | D:5      | Your magical essence is drained by the effort!
   361 | D:5      | Noticed an ogre
   373 | D:5      | Reached skill level 7 in Axes
   373 | D:5      | Reached XP level 6. HP: 46/55 MP: 4/4
   386 | D:5      | Your magical essence is drained by the effort!
   399 | D:5      | Reached skill level 8 in Axes
   440 | D:6      | Found a runed translucent gate.
   440 | D:6      | Found a runed translucent gate.
   440 | D:6      | Found a runed translucent gate.
   440 | D:6      | Found an opulent altar of Gozag.
   440 | D:6      | Noticed a red ugly thing
   443 | D:6      | Noticed chromat's ghost (novice GrEE)
   536 | D:6      | Noticed an orc warrior
   538 | D:6      | Noticed a soldier ant
   552 | D:6      | Your magical essence is drained by the effort!
   555 | D:6      | Killed an orc warrior
   555 | D:6      | Reached XP level 7. HP: 49/61 MP: 3/3
   592 | D:6      | Reached skill level 9 in Axes
   607 | D:6      | Reached skill level 10 in Axes
   631 | D:6      | Reached XP level 8. HP: 52/68 MP: 4/4
   921 | D:7      | Reached skill level 11 in Axes
   963 | D:7      | Found a blossoming altar of Fedhas.
  1162 | D:7      | Reached skill level 1 in Evocations
  1168 | D:7      | Your magical essence is drained by the effort!
  1187 | D:8      | Reached skill level 3 in Fighting
  1193 | D:8      | Reached skill level 2 in Evocations
  1247 | D:8      | Reached skill level 4 in Shields
  1249 | D:8      | Reached skill level 3 in Evocations
  1317 | D:5      | Gained mutation: You passively map the area around you.
                  | [Deep Dwarf growth]
  1317 | D:5      | Reached XP level 9. HP: 46/78 MP: 6/6
  1385 | D:5      | Reached skill level 4 in Fighting
  1388 | D:5      | Reached skill level 4 in Evocations
  1618 | D:4      | Found a transporter.
  1700 | D:4      | Reached skill level 5 in Shields
  1778 | D:4      | Found a staircase to the Ecumenical Temple.
  1787 | Temple   | Entered the Ecumenical Temple
  1798 | Temple   | Became a worshipper of Makhleb the Destroyer
  1923 | D:8      | Your magical essence is drained by the effort!
  1936 | D:8      | Reached skill level 12 in Axes
  1956 | D:9      | Reached skill level 5 in Evocations
  2011 | D:9      | Found a flagged portal.
  2030 | Bailey   | Entered a bailey
  2072 | Bailey   | Found the +4 dagger "Morg" {pain, MR+ Int+5}
  2072 | Bailey   | Found a bloodstained altar of Trog.
  2087 | Bailey   | Reached skill level 5 in Fighting
  2087 | Bailey   | Reached skill level 6 in Shields
  2144 | D:9      | Got a blackened battleaxe
  2153 | D:9      | Identified the +8 battleaxe of Vokitu {drain, *Corrode
                  | rElec MR+ Dex+6} (You found it on level 9 of the Dungeon)
  2172 | D:9      | Reached skill level 6 in Evocations
  2285 | D:9      | Reached * piety under Makhleb
  2299 | D:9      | Reached XP level 10. HP: 63/88 MP: 8/8
  2312 | D:10     | Entered Level 10 of the Dungeon
  2413 | D:10     | Found a staircase to the Orcish Mines.
  2431 | Orc:1    | Entered Level 1 of the Orcish Mines
  2433 | Orc:1    | Noticed an orc sorcerer
  2444 | Orc:1    | Noticed a rust devil
  2453 | D:10     | Killed an orc sorcerer
  2475 | D:10     | Reached skill level 7 in Evocations
  2490 | Orc:1    | Noticed an orc warlord
  2495 | Orc:1    | Your magical essence is drained by the effort!
  2499 | Orc:1    | Your magical essence is drained by the effort!
  2519 | D:10     | Your magical essence is drained by the effort!
  2525 | D:10     | Killed an orc warlord
  2525 | D:10     | Reached skill level 6 in Fighting
  2525 | D:10     | Reached skill level 13 in Axes
  2525 | D:10     | Reached skill level 7 in Shields
  2544 | Orc:1    | Reached skill level 8 in Evocations
  2555 | Orc:1    | Reached ** piety under Makhleb
  2600 | Orc:1    | Noticed Sonja
  2601 | Orc:1    | Killed Sonja
  2651 | Orc:1    | Reached skill level 8 in Shields
  2652 | Orc:1    | Reached XP level 11. HP: 95/97 MP: 8/8
  2668 | Orc:2    | Entered Level 2 of the Orcish Mines
  2670 | Orc:2    | Noticed a two-headed ogre
  2681 | Orc:2    | Your magical essence is drained by the effort!
  2685 | Orc:2    | Killed a two-headed ogre
  2685 | Orc:2    | Reached skill level 9 in Evocations
  2730 | Orc:2    | Found a staircase to the Elven Halls.
  2736 | Orc:2    | Noticed an orc sorcerer
  2739 | Orc:2    | Paralysed by an orc sorcerer for 5 turns
  2747 | Orc:2    | Killed an orc sorcerer
  2747 | Orc:2    | Reached skill level 14 in Axes
  2942 | Orc:2    | Noticed Saint Roka
  2946 | Orc:2    | Reached *** piety under Makhleb
  2950 | Orc:2    | Killed Saint Roka
  2950 | Orc:2    | Reached skill level 15 in Axes
  2950 | Orc:2    | Reached skill level 9 in Shields
  2950 | Orc:2    | Reached skill level 10 in Evocations
  2957 | Orc:2    | Noticed an orc knight
  2957 | Orc:2    | Noticed an orc sorcerer
  2961 | Orc:2    | Killed an orc sorcerer
  2961 | Orc:2    | Reached skill level 1 in Invocations
  2976 | Orc:2    | Killed an orc knight
  3000 | Orc:2    | Noticed an orc knight
  3004 | Orc:2    | Killed an orc knight
  3004 | Orc:2    | Reached skill level 2 in Invocations
  3004 | Orc:2    | Reached XP level 12. HP: 104/105 MP: 10/10
  3012 | Orc:2    | Noticed an orc high priest
  3013 | Orc:2    | Noticed an orc high priest
  3014 | Orc:2    | Reached skill level 4 in Armour
  3017 | Orc:2    | Killed an orc high priest
  3017 | Orc:2    | Reached skill level 3 in Invocations
  3017 | Orc:2    | Reached skill level 11 in Evocations
  3017 | Orc:2    | Killed an orc high priest
  3019 | Orc:2    | Noticed an orc high priest
  3032 | Orc:2    | Killed an orc high priest
  3032 | Orc:2    | Reached skill level 5 in Armour
  3032 | Orc:2    | Reached skill level 4 in Invocations
  3052 | Orc:2    | Found Buajiro's General Store.
  3052 | Orc:2    | Found Gidoelim's Antique Armour Shoppe.
  3054 | Orc:2    | Found Nicash's Armour Boutique.
  3054 | Orc:2    | Found Ocwibec's Antique Weapon Boutique.
  3073 | Orc:2    | Bought a scroll of identify for 26 gold pieces
  3073 | Orc:2    | Bought a potion of curing for 39 gold pieces
  3073 | Orc:2    | Bought a scroll of immolation for 45 gold pieces
  3073 | Orc:2    | Bought a box of beasts for 260 gold pieces
  3241 | D:11     | Noticed a two-headed ogre
  3241 | D:11     | Noticed a two-headed ogre
  3247 | D:11     | Killed a two-headed ogre
  3251 | D:11     | Killed a two-headed ogre
  3251 | D:11     | Reached skill level 7 in Fighting
  3256 | D:11     | Found a staircase to the Lair.
  3260 | D:11     | Noticed Erica
  3261 | D:11     | Noticed a death knight
  3265 | D:11     | Reached **** piety under Makhleb
  3265 | D:11     | Killed Erica
  3265 | D:11     | Reached skill level 16 in Axes
  3265 | D:11     | Reached skill level 5 in Invocations
  3277 | D:11     | Killed a death knight
  3290 | D:11     | Your magical essence is drained by the effort!
  3291 | D:11     | Reached skill level 6 in Armour
  3323 | D:11     | Noticed a seven-headed hydra
  3331 | D:11     | Killed a five-headed hydra
  3331 | D:11     | Reached XP level 13. HP: 98/115 MP: 10/10
  3339 | Lair:1   | Entered Level 1 of the Lair of Beasts
  3408 | Lair:2   | Reached skill level 6 in Invocations
  3416 | Lair:2   | Reached skill level 12 in Evocations
  3510 | Lair:3   | Reached ***** piety under Makhleb
  3557 | Lair:3   | Reached skill level 7 in Armour
  3568 | Lair:3   | Reached skill level 8 in Fighting
  3663 | Lair:3   | Found a hole to the Spider Nest.
  3676 | Spider:1 | Entered Level 1 of the Spider Nest
  3719 | Spider:1 | Reached skill level 17 in Axes
  3771 | Spider:1 | Your magical essence is drained by the effort!
  3806 | Spider:1 | Noticed an emperor scorpion
  3818 | Spider:1 | Killed an emperor scorpion
  3845 | Spider:1 | Found a frozen archway.
  3861 | IceCv    | Entered an ice cave
  4094 | IceCv    | Reached skill level 13 in Evocations
  4193 | IceCv    | Reached skill level 8 in Armour
  4373 | IceCv    | Noticed an Ice Fiend
  4375 | IceCv    | Killed an Ice Fiend
  4375 | IceCv    | Gained mutation: You resist negative energy. (rN+) [Deep
                  | Dwarf growth]
  4375 | IceCv    | Reached XP level 14. HP: 123/127 MP: 11/11
  4387 | IceCv    | Got a fine buckler
  4392 | IceCv    | Identified Utoefol's Incunabulum of the Doomed Frostbite
  4395 | IceCv    | Got a pair of pitted boots
  4406 | IceCv    | Identified the +0 pair of boots of the Good {rPois rF++
                  | Regen+ Stlth+} (You found it in an ice cave)
  4509 | Spider:2 | Identified the +0 buckler of Time Monsters {rF+ MR+} (You
                  | found it in an ice cave)
  4531 | Spider:2 | Reached skill level 9 in Fighting
  4580 | Spider:3 | Reached ****** piety under Makhleb
  4597 | Spider:3 | Reached skill level 18 in Axes
  4603 | Spider:3 | Reached skill level 9 in Armour
  4603 | Spider:3 | Noticed Donald
  4624 | Spider:3 | Killed Donald
  4647 | Spider:3 | Noticed an entropy weaver
  4649 | Spider:3 | Noticed Ikly's ghost (journeyman GrFi)
  4650 | Spider:3 | Found a transporter.
  4653 | Spider:3 | Found a transporter.
  4692 | Spider:3 | Killed a ghost moth
  4716 | Spider:4 | Entered Level 4 of the Spider Nest
  4760 | Spider:4 | Reached skill level 14 in Evocations
  4925 | Spider:4 | Noticed an emperor scorpion
  4931 | Spider:4 | Noticed an emperor scorpion
  4971 | Spider:4 | Killed an emperor scorpion
  4971 | Spider:4 | Noticed an emperor scorpion
  4973 | Spider:4 | Killed a ghost moth
  4973 | Spider:4 | Reached skill level 10 in Armour
  4973 | Spider:4 | Reached XP level 15. HP: 138/138 MP: 1/13
  4980 | Spider:4 | Reached skill level 10 in Fighting
  4980 | Spider:4 | Reached skill level 1 in Dodging
  4985 | Spider:4 | Reached skill level 2 in Dodging
  5000 | Spider:4 | Killed a ghost moth
  5003 | Spider:4 | Reached skill level 3 in Dodging
  5012 | Spider:4 | Reached skill level 10 in Shields
  5053 | Spider:4 | Reached skill level 15 in Evocations
  5065 | Spider:4 | Got a gossamer rune of Zot
  5295 | Lair:4   | Found a staircase to the Shoals.
  5303 | Shoals:1 | Entered Level 1 of the Shoals
  5317 | Shoals:2 | Noticed Ilsuiw
  5328 | Shoals:2 | Reached skill level 4 in Dodging
  5333 | Shoals:2 | Killed Ilsuiw
  5417 | Shoals:3 | Reached skill level 5 in Dodging
  5444 | Shoals:4 | Entered Level 4 of the Shoals
  5539 | Shoals:4 | Your magical essence is drained by the effort!
  5542 | Shoals:4 | Reached skill level 11 in Shields
  5555 | Shoals:4 | Reached skill level 6 in Dodging
  5569 | Shoals:4 | Reached skill level 16 in Evocations
  5585 | Shoals:4 | Got a barnacled rune of Zot
  5943 | D:15     | Entered Level 15 of the Dungeon
  6000 | D:14     | Found a gate to the Vaults.
  6025 | Vaults:1 | Entered Level 1 of the Vaults
  6031 | Vaults:1 | Reached skill level 7 in Dodging
  6095 | Vaults:2 | You fall into a shaft and drop 1 floor!
  6173 | Vaults:3 | Reached XP level 16. HP: 139/146 MP: 15/15
  6292 | Vaults:3 | Reached skill level 12 in Shields
  6367 | Vaults:3 | Your magical essence is drained by the effort!
  6381 | Vaults:2 | Reached skill level 8 in Dodging
  6502 | Vaults:3 | Noticed Jory
  6505 | Vaults:3 | Your magical essence is drained by the effort!
  6527 | Vaults:3 | Killed Jory
  6529 | Vaults:3 | Reached skill level 17 in Evocations
  6544 | Vaults:3 | Reached skill level 9 in Dodging
  6810 | Vaults:4 | Reached skill level 13 in Shields
  6877 | Vaults:5 | Entered Level 5 of the Vaults
  6884 | Vaults:5 | Noticed a shadow dragon
  6884 | Vaults:5 | Noticed a titan
  6894 | Vaults:5 | Noticed a shadow dragon
  6896 | Vaults:5 | Your magical essence is drained by the effort!
  6976 | Vaults:5 | Killed a titan
  6976 | Vaults:5 | Reached skill level 10 in Dodging
  7008 | Vaults:5 | Noticed a tengu reaver
  7017 | Vaults:5 | Reached XP level 17. HP: 154/154 MP: 13/13
  7021 | Vaults:5 | Identified the +4 whip "Eczoit" {holy, Str+3}
  7025 | Vaults:5 | Reached skill level 18 in Evocations
  7028 | Vaults:5 | Noticed a large abomination
  7047 | Vaults:5 | Reached skill level 11 in Armour
  7060 | Vaults:5 | Reached skill level 11 in Dodging
  7082 | Vaults:5 | Killed a large abomination
  7085 | Vaults:5 | Reached skill level 11 in Fighting
  7085 | Vaults:5 | Reached skill level 14 in Shields
  7196 | Vaults:5 | Noticed an Ice Fiend
  7279 | Vaults:5 | Found Libo's Book Boutique.
  7345 | Vaults:5 | Gained mutation: You passively map a large area around you.
                  | [Deep Dwarf growth]
  7345 | Vaults:5 | Reached XP level 18. HP: 165/165 MP: 15/15
  7377 | Vaults:5 | Reached skill level 12 in Armour
  7408 | Vaults:5 | Noticed a tentacled monstrosity
  7428 | Vaults:5 | Killed a tentacled monstrosity
  7437 | Vaults:5 | Reached skill level 19 in Evocations
  7452 | Vaults:5 | Reached skill level 12 in Dodging
  7571 | Vaults:5 | Got a silver rune of Zot
  8104 | D:15     | Reached skill level 12 in Fighting
  8120 | D:15     | Reached skill level 15 in Shields
  8124 | D:15     | Found a portal to a secret trove of treasure.
  8198 | D:15     | Found a staircase to the Depths.
  8206 | Depths:1 | Entered Level 1 of the Depths
  8308 | Depths:1 | Reached skill level 13 in Armour
  8402 | Depths:2 | Reached skill level 13 in Dodging
  8415 | Depths:2 | Reached XP level 19. HP: 164/176 MP: 16/16
  8482 | Depths:2 | Found a huge runed gate.
  8482 | Depths:2 | Found a huge runed gate.
  8482 | Depths:2 | Found a huge runed gate.
  8485 | Depths:2 | Found a huge runed gate.
  8487 | Depths:2 | Found a huge runed gate.
  8490 | Depths:2 | Found a huge runed gate.
  8490 | Depths:2 | Found a huge runed gate.
  8490 | Depths:2 | Found a huge runed gate.
  8491 | Depths:2 | Found a huge runed gate.
  8491 | Depths:2 | Found a huge runed gate.
  8492 | Depths:2 | Found a huge runed gate.
  8492 | Depths:2 | Found a huge runed gate.
  8494 | Depths:2 | Found a huge runed gate.
  8495 | Depths:2 | Found a huge runed gate.
  8613 | Depths:4 | Reached skill level 20 in Evocations
  8627 | Depths:5 | Entered Level 5 of the Depths
  8627 | Depths:5 | Found a runed translucent gate.
  8627 | Depths:5 | Found a runed translucent gate.
  8656 | Depths:5 | Paralysed by a Zot trap for 5 turns
  8668 | Depths:5 | Your magical essence is drained by the effort!
  8778 | Depths:5 | Noticed a golden dragon
  8797 | Depths:5 | Killed a golden dragon
  8853 | Depths:5 | Reached skill level 13 in Fighting
  8879 | Depths:5 | Reached skill level 14 in Armour
  8880 | Depths:5 | Found a gate to the Realm of Zot.
  8894 | Zot:1    | Entered Level 1 of the Realm of Zot
  8932 | Zot:1    | Reached skill level 14 in Dodging
  9229 | Zot:3    | Identified a scroll of acquirement
  9230 | Zot:3    | Got the ring "Teuduhuf" {*Drain rElec Slay+4 Stlth+}
  9279 | Zot:4    | Reached XP level 20. HP: 188/188 MP: 17/17
  9300 | Zot:4    | Reached skill level 21 in Evocations
  9353 | Zot:4    | Reached skill level 15 in Armour
  9384 | Zot:5    | Entered Level 5 of the Realm of Zot
  9404 | Zot:5    | Noticed a Killer Klown
  9404 | Zot:5    | Noticed a Killer Klown
  9406 | Zot:5    | Noticed an ancient lich
  9407 | Zot:5    | Noticed an orb of fire
  9420 | Zot:5    | Killed a Killer Klown
  9425 | Zot:5    | Noticed an ancient lich
  9425 | Zot:5    | Noticed a Killer Klown
  9440 | Zot:5    | Noticed a Killer Klown
  9440 | Zot:5    | Noticed a Killer Klown
  9442 | Zot:5    | Reached skill level 15 in Dodging
  9442 | Zot:5    | Noticed an ancient lich
  9447 | Zot:5    | Your magical essence is drained by the effort!
  9451 | Zot:5    | Your magical essence is drained by the effort!
  9455 | Zot:5    | Gained mutation: Scrolls take you a little longer to read.
                  | [an orb of fire]
  9456 | Zot:5    | Your magical essence is drained by the effort!
  9471 | Zot:5    | Your magical essence is drained by the effort!
  9498 | Zot:5    | Your magical essence is drained by the effort!
  9507 | Zot:5    | Noticed a Killer Klown
  9516 | Zot:5    | Noticed an orb of fire
  9517 | Zot:5    | Noticed an orb of fire
  9518 | Zot:5    | Reached skill level 14 in Fighting
  9520 | Zot:5    | Got the Orb of Zot
  9524 | Zot:5    | Gained mutation: You tend to lose your temper in combat.
                  | [an orb of fire]
  9525 | Zot:5    | Noticed an ancient lich
  9525 | Zot:5    | Gained mutation: Scrolls take you longer to read. [an orb
                  | of fire]
  9526 | Zot:5    | Noticed an orb of fire
  9533 | Zot:5    | Gained mutation: Armour fits poorly on your strangely
                  | shaped body. [an orb of fire]
  9562 | Zot:5    | Your magical essence is drained by the effort!
  9567 | Zot:5    | Your magical essence is drained by the effort!
  9572 | Zot:5    | Your magical essence is drained by the effort!
  9573 | Zot:5    | Your magical essence is drained by the effort!
  9586 | Zot:5    | Noticed a golden dragon
  9596 | Zot:5    | Lost mutation: You tend to lose your temper in combat.
                  | [potion of mutation]
  9596 | Zot:5    | Lost mutation: Armour fits poorly on your strangely shaped
                  | body. [potion of mutation]
  9596 | Zot:5    | Lost mutation: Scrolls take you longer to read. [potion of
                  | mutation]
  9596 | Zot:5    | Lost mutation: Scrolls take you a little longer to read.
                  | [potion of mutation]
  9596 | Zot:5    | Gained mutation: You are dopey. (Int -2) [potion of
                  | mutation]
  9596 | Zot:5    | Gained mutation: You can translocate small distances at
                  | will. [potion of mutation]
  9596 | Zot:5    | Gained mutation: You are partially covered in iridescent
                  | scales. (AC +2) [potion of mutation]
  9599 | Zot:5    | Noticed an ancient lich
  9603 | Zot:5    | Your magical essence is drained by the effort!
  9608 | Zot:5    | Noticed an ancient lich
  9610 | Zot:5    | Killed a Killer Klown
  9610 | Zot:5    | Killed a Killer Klown
  9610 | Zot:5    | Killed a Killer Klown
  9610 | Zot:5    | Gained mutation: Armour fits poorly on your strangely
                  | shaped body. [an orb of fire]
  9611 | Zot:5    | Killed an ancient lich
  9611 | Zot:5    | Killed an ancient lich
  9611 | Zot:5    | Killed a Killer Klown
  9613 | Zot:5    | Gained mutation: You are very dopey. (Int -4) [an orb of
                  | fire]
  9615 | Zot:5    | Gained mutation: You are clumsy. (Dex -2) [an orb of fire]
  9620 | Zot:5    | Your magical essence is drained by the effort!
  9624 | Zot:5    | Your magical essence is drained by the effort!
  9817 | Depths:5 | Noticed Polaczum's ghost (adept TrMo)
  9865 | Depths:1 | Identified the ring "Jinel" {MR+ Int+3 Slay+4}
  9942 | D:14     | Reached XP level 21. HP: 170/199 MP: 6/6
  9994 | D:13     | Noticed a profane servitor
 10042 | D:12     | Killed a profane servitor
 10116 | D:10     | Noticed Qoxaniaf the pandemonium lord
 10131 | D:10     | Killed Qoxaniaf the pandemonium lord
 10131 | D:10     | Reached skill level 16 in Armour
 10131 | D:10     | Reached skill level 22 in Evocations
 10320 | D:$      | Escaped with the Orb!

Illustrated notes

Levels and vault maps discovered:
D:1:      elethiomel_arrival_maze, layout_rooms, cheibriados_altar_1
D:2:      layout_loops_corners, chequers_serial_rivers_micro_c
D:3:      layout_basic, grunt_temple_overflow_gold_and_silver, first_ration,
          chequers_ecumenical_altar_simple_redux, uniq_sigmund
D:4:      layout_basic, lemuel_temple_firewalk_b, gammafunk_ghost_mausoleum
D:5:      layout_loops_ring, portal_sewer_entry_d, minmay_joined_circles
D:6:      minmay_clustersquares, layout_cave_pods, ebering_ghost_gozag,
          minmay_mini_ossuary
D:7:      layout_cave_pools, basic_altar
D:8:      layout_loops_ring, overflow_temple_1_default, minitemple,
          hangedman_little_slice_of_home
D:9:      layout_irregular_city, enter_bailey_3, minmay_misc_feat_doors,
          kennysheep_generic_room_3
D:10:     layout_basic, orc_0_dummy
D:11:     kennysheep_big_flooded_room, layout_rooms, lair_entry_dummy,
          serial_shops, shop, uniq_erica
D:12:     layout_basic, minmay_misc_feat_room, uniq_kirke
D:13:     layout_irregular_city, bh_hangedman_babel_library
D:14:     layout_stronghold, david_vaults_2, serial_shops, shop,
          chequers_serial_rivers_large_a, uniq_nessos
D:15:     gammafunk_enter_depths_forms, layout_long_grid,
          nicolae_trove_entry_free_sample, hex_medium
Temple:   eino_temple_rhombus
Lair:1:   layout_concentric_octagons, lemuel_fruit_tree, serial_bayou_shore_b,
          grunt_megastairs_2, uniq_gastronok, uniq_nergalle
Lair:2:   dpeg_oklob_shooting_range, layout_big_grid
Lair:3:   layout_big_grid, spider_nest_entry_funnel_web,
          infiniplex_staircase_pool
Lair:4:   layout_loops_ring, minmay_shoals_entry_lonely_mermaid,
          cheibrodos_lair_lostbears, grunt_megastairs_4
Shoals:1: layout_shoals, nicolae_shoals_wave_tunnel, uniq_josephine
Shoals:2: layout_shoals, uniq_ilsuiw, uniq_polyphemus
Shoals:3: layout_shoals, ldierk_geyser, nicolae_shoals_water_elemental_grotto
Shoals:4: shoals_end_simple, layout_shoals, shoal_ilsuiw
Spider:1: layout_spider_delve, portal_ice_cave_entry_frozen_things
Spider:2: nicolae_spider_mines_2, hangedman_stitches_earthworm
Spider:3: layout_spider_delve, gammafunk_ghost_arena, nicolae_orb_stairs,
          uniq_donald, uniq_arachne
Spider:4: grunt_spider_rune_parallel, minmay_another_anthill
Orc:1:    layout_diamond_mine, basic_altar, uniq_sonja
Orc:2:    st_orc_elflike, layout_diamond_mine, uniq_saint_roka
Vaults:1: hangedman_vaults_variations, ontoclasm_vaults_hangar,
          vaults_mumra_bighexcomb, vaults_room_grunt_arrival_checkpoint,
          nicolae_vaults_alarming, v_misc_26, grunt_vaults_funnel,
          ontoclasm_vaults_chip, layout_vaults_omnicross, serial_shops,
          nicolae_shop_statue_plus
Vaults:2: nicolae_vaults_quartermaster, v_rooms_5, nicolae_vaults_theta,
          vaults_standard_mumra_enter_the_diamond,
          ontoclasm_vaults_decontamination, hangedman_vaults_corner_blocks,
          hangedman_vaults_nails, ontoclasm_vaults_ring_square,
          nicolae_vaults_theta, v_misc_9, hangedman_vaults_stitches,
          nicolae_vaults_yaktaur_gun_rack, nicolae_vaults_angled_halls,
          layout_vaults_maze_bifur
Vaults:3: blue_anna_dwarven_crypt, hangedman_vaults_stagger,
          ontoclasm_vaults_ring_large, v_misc_23,
          nicolae_vaults_know_your_exits, nicolae_vaults_little_squares_1,
          layout_vaults_omnigrid, uniq_jory, uniq_frederick
Vaults:4: nicolae_vaults_c_with_doors, nicolae_vaults_shelves_hall,
          vaults_room_semicircle, hangedman_vaults_maws, vaults_room_semicircle,
          hangedman_vaults_stream, hangedman_vaults_unwind, v_misc_33,
          nicolae_vaults_what_the_h, nicolae_vaults_diagonal_hallway_9,
          v_misc_15, hangedman_vaults_stretched_pinwheel, layout_vaults_ring
Vaults:5: serial_shops
Depths:1: layout_roguey, grunt_decor_arrowhead, serial_glass, glass_columns_b,
          glass_columns_a, hell_entry, serial_sigils_hangedman_writhe,
          chequers_serial_rivers_room_b, minmay_fire_ice_demons,
          grunt_megastairs_5
Depths:2: hangedman_hanging_gardens, layout_cave_pools,
          hangedman_decor_slide_cut, abyss_entry, grunt_hell_entry_dis_mu,
          hangedman_decor_points, not_door_vault_due
Depths:3: evilmike_library_of_no_secrets, layout_cave_shapes,
          grunt_pan_entry_spiral, gammafunk_ghost_wrathful_warriors, hell_entry,
          serial_sigils_hangedman_scratch, abyss_entry_crystal, drop_trap,
          corner_web_ring, grunt_decor_mini_mirrors, moated_statue
Depths:4: lemuel_river_lethe, hell_entry, abyss_entry
Depths:5: grunt_zot_entry_hairpin, layout_cave_pools, enter_ziggurat_e,
          old_standard_altar, gammafunk_ghost_tricky_traps,
          hangedman_coc_ice_floe, chequers_serial_rivers_micro_a, kb_rosetta,
          serial_bayou_shore_a, serial_bayou_shore_b, uniq_xtahua
Zot:1:    layout_concentric_octagons
Zot:2:    layout_misc_corridors, st_stairs_12, bh_zot_lava_cross
Zot:3:    layout_onion_interference, st_stairs_10, st_small_dragon_hoard_3
Zot:4:    lemuel_acid_trip, layout_cathedral_of_symmetry
Zot:5:    layout_cathedral_of_symmetry

Skill      XL: |  1  2  3  4  5  6  7  8  9 10 11 12 13 14 15 16 17 18 19 20 21 |
---------------+----------------------------------------------------------------+-----
Axes           | 3 4 6 7 8 10 11 12 13 15 16 17 18 | 18.7
Evocations     | 3 6 8 10 11 13 14 16 17 18 19 20 21 22 | 22.0
Fighting       | 3 5 6 7 8 9 10 11 12 13 14 | 14.6
Shields        | 4 6 8 9 11 13 14 15 | 15.0
Invocations    | 2 5 6 |  6.0
Armour         | 6 8 10 11 13 14 15 16 | 16.1
Dodging        | 7 10 11 13 14 15 | 15.9

Action                   |  1- 3 |  4- 6 |  7- 9 | 10-12 | 13-15 | 16-18 | 19-21 || total
-------------------------+-------+-------+-------+-------+-------+-------+-------++-------
Melee: War axe           |    49 |   120 |    77 |       |       |       |       ||   246
       Broad axe         |       |       |   191 |   286 |   797 |   883 |   542 ||  2699
Throw: Dart              |       |       |       |       |     3 |       |       ||     3
       Throwing net      |       |       |       |       |       |       |     2 ||     2
Invok: Lesser Servant of |       |       |       |       |    22 |    21 |    24 ||    67
       Minor Destruction |       |       |       |       |       |       |     2 ||     2
 Abil: Heal Wounds       |     2 |    11 |    14 |    21 |    14 |    18 |    82 ||   162
Evoke: Wand              |       |       |     2 |    12 |    64 |    14 |    56 ||   148
       Tin of tremorston |       |       |       |     7 |     7 |     6 |     6 ||    26
       Phial of floods   |       |       |       |     1 |       |       |     1 ||     2
       Phantom mirror    |       |       |       |       |     1 |       |       ||     1
       Box of beasts     |       |       |       |       |       |     1 |       ||     1
       Lightning rod     |       |       |       |       |       |       |     3 ||     3
  Use: Scroll            |       |     1 |    16 |     3 |    16 |     6 |    12 ||    54
       Potion            |       |       |       |       |     5 |     2 |    13 ||    20
 Stab: Distracted        |       |       |       |       |     3 |     4 |     5 ||    12
       Paralysed         |       |       |       |       |       |     7 |     2 ||     9
       Sleeping          |       |       |       |       |       |       |     2 ||     2
  Eat: Ration            |       |       |     4 |       |     2 |     3 |     2 ||    11
       Chunk             |       |       |     2 |     5 |     4 |     2 |       ||    13
Armor: Scale mail        |    34 |    63 |       |       |       |       |       ||    97
       Chain mail        |       |       |   221 |    28 |       |       |       ||   249
       Plate armour      |       |       |       |   105 |   553 |   375 |   430 ||  1463
       Storm dragon scal |       |       |       |       |       |       |    31 ||    31
Dodge: Dodged            |    27 |    57 |   106 |    51 |   226 |   215 |   369 ||  1051
Block: Kite shield       |    46 |    87 |   223 |   171 |   604 |   547 |   521 ||  2199
